 Dungeon Crawl Stone Soup version 0.29-a0-266-gf56f883ddd (webtiles) character file.

Game seed: 8039875159859808599

55 bande the Skirmisher (level 3, -7/24 HPs)
             Began as a Gargoyle Fighter on Mar 7, 2022.
             Killed by divine providence
             ... invoked by an orc priest
              (15 damage)
             ... on level 3 of the Dungeon.
             The game lasted 00:02:53 (1903 turns).

bande the Skirmisher (Gargoyle Fighter)             Turns: 1903, Time: 00:02:54

Health: -7/24      AC: 14    Str: 19    XL:     3   Next: 93%
Magic:  3/3        EV:  7    Int:  8    God:
Gold:   36         SH:  0    Dex: 11    Spells: 2/2 levels left

rFire   . . .      SeeInvis .   a - +0 war axe
rCold   . . .      Faith    .   c - +1 buckler
rNeg    + . .      Spirit   .   j - +2 chain mail {rPois}
rPois   ∞          Reflect  .   (no helmet)
rElec   +          Harm     .   (no cloak)
rCorr   .          Rampage  .   (no gloves)
Will    .....                   (no boots)
Stlth   ..........              (no amulet)
HPRegen 0.08/turn               (no ring)
MPRegen 0.08/turn               (no ring)

@: confused
A: sickness immunity, AC +3, negative energy resistance 1, electricity
resistance, torment resistance 1, petrification resistance
a: no special abilities


You were on level 3 of the Dungeon.
You visited 1 branch of the dungeon, and saw 3 of its levels.

You collected 36 gold pieces.

Inventory:

Hand Weapons
 a - a +0 war axe (weapon)
Armour
 b - an orb of light
 c - a +1 buckler (worn)
 j - a +2 chain mail of poison resistance (worn)
Wands
 l - a wand of mindburst (8)
Scrolls
 h - 2 scrolls of amnesia
 i - a scroll of enchant armour
 k - a scroll of blinking
Potions
 d - a potion of might
 e - a potion of lignification {unknown}
 f - a potion of mutation {unknown}
 g - 3 potions of curing


   Skills:
 + Level 3.8 Fighting
 + Level 2.5 Axes
 + Level 3.7 Armour
 - Level 0.1 Dodging
 + Level 3.7 Shields


You had 2 spell levels left.
You didn't know any spells.
Your spell library was empty.

Dungeon Overview and Level Annotations

Branches:
Dungeon (3/15)

Altars:
Fedhas


Innate Abilities, Weirdness & Mutations

You are immune to sickness and miasma.
Your stone body is resilient. (AC +3)
You are immune to poison.
You resist negative energy. (rN+)
You are resistant to electric shocks. (rElec)
You are resistant to unholy torment.
You are immune to petrification.


Message History

You hit the endoplasm. The orc hits you with a +0 hand axe.
The endoplasm hits you but does no damage.
The orc wizard hits you with a +0 dagger.
The orc priest hits you with a +0 hand axe.
You barely miss the orc. You miss the orc wizard. You hit the endoplasm.
You kill the endoplasm!
You closely miss the orc priest. The orc hits you but does no damage.
The orc priest hits you but does no damage.
The orc wizard hits you but does no damage.
The orc closely misses you.
The orc wizard hits you but does no damage.
The orc priest closely misses you.
You slash the orc!
You kill the orc!
You closely miss the orc priest. You barely miss the orc wizard.
The orc wizard hits you but does no damage.
The orc priest hits you with a +0 hand axe.
Unknown command.
The orc priest attacks as you move away!
The orc priest hits you but does no damage.
The orc wizard points at you and mumbles some strange words.
The puff of flame hits you but does no damage.
You barely miss the orc wizard.
The orc wizard is moderately wounded.
You closely miss the orc priest.
The orc priest invokes the aid of Beogh against you.
Pain shoots through your body!
The orc wizard hits you but does no damage.
The orc priest hits you but does no damage.
The orc wizard points at you and mumbles some strange words.
You are more confused.
You closely miss the orc wizard.
The orc wizard is moderately wounded.
You closely miss the orc priest.
The orc wizard gestures at you while chanting.
The puff of flame misses you.
The orc priest calls down the wrath of Beogh upon you.
Beogh smites you!
Ouch! That really hurt!
You die...

.. ##.##### # #.≈...
.......## #.#.≈..#
#......##
##.#.≈..####.......###
.....≈.. ......>.....#
........ #......)#.#
#.#...#####....oo##.###
#..._.......[..@......#
#.....<.....#######.#.#
#.....#####.# #.# #
#[..≈.#####.# #.#.#
#...≈.......# #.#.#
##..≈.####### #.#.#
#..≈.# #.#.# #....#
#.#.# #>...########
#.#.#


You could see an orc priest and an orc wizard.

Vanquished Creatures
  An adder (D:2)
  A dart slug (D:1)
  An orc (D:3)
  4 ball pythons
  6 endoplasms
  3 giant cockroaches
  2 goblins
  4 hobgoblins
  4 jackals
  A quokka (D:2)
  5 bats
  2 frilled lizards
  A kobold (D:2)
  3 rats (D:1)
38 creatures vanquished.

Notes
Turn   | Place    | Note
-------+----------+-------------------------------------------
     0 | D:1      | bande the Gargoyle Fighter began the quest for the Orb.
     0 | D:1      | Reached XP level 1. HP: 14/14 MP: 1/1
   196 | D:1      | Reached XP level 2. HP: 19/19 MP: 2/2
   862 | D:1      | Reached XP level 3. HP: 23/23 MP: 3/3
  1798 | D:3      | Found a blossoming altar of Fedhas.
  1903 | D:3      | Killed from afar by an orc priest

Illustrated notes

Levels and vault maps discovered:
D:1:      minmay_arrival_stone_box, layout_basic
D:2:      layout_basic
D:3:      kennysheep_six_static_rooms, layout_loops_ring,
          nzn_hepliaklqana_mist_gate, mainiacjoe_overflow_boulevard,
          feat_on_display

Skill      XL: |  1  2 |
---------------+-------+-----
Axes           | 2 |  2.5
Fighting       | |  3.8
Armour         | |  3.7
Dodging        | |  0.1
Shields        | |  3.7

Action                   || total
-------------------------++-------
Melee: War axe           ||   143
  Use: Scroll            ||     8
Armor: Scale mail        ||    38
       Chain mail        ||    74
Dodge: Dodged            ||    86
Block: Buckler           ||    33

Table legend: (Time is in decaauts)
 A = Elapsed time spent in this place.
 B = Non-inter-level travel time spent in this place.
 C = Inter-level travel time spent in this place.
 D = Time resting spent in this place.
 E = Time spent auto-exploring this place.
 F = Levels seen in this place.
 G = Mean time per level.
                   A        B        C        D        E       F      G
               +--------+--------+--------+--------+--------+-----+--------+
         Total |   1965 |   1943 |     22 |      0 |   1465 |   3 |  655.0 |
       Dungeon |   1965 |   1943 |     22 |      0 |   1465 |   3 |  655.0 |
               +--------+--------+--------+--------+--------+-----+--------+

Top non-repeatable levels by time:
     D:1: 1165 daAuts
     D:2: 692 daAuts
     D:3: 107 daAuts
